 Dungeon Crawl Stone Soup version 0.31-a0-75-g6fe912e8c5 (webtiles) character file.

Game seed: 9003423145250464236

4867 billz999 the Fighter (level 10, 0/102 HPs)
             Began as a Naga Ice Elementalist on May 18, 2023.
             Was a Priest of Vehumet.
             Slain by Amaemon
             ... wielding a +1 demon whip of venom
              (7 damage)
             ... on level 8 of the Dungeon on May 23, 2023.
             The game lasted 00:21:27 (7641 turns).

billz999 the Fighter (Naga Ice Elementalist)        Turns: 7641, Time: 00:21:28

Health: 0/102      AC:  7    Str: 14    XL:     10   Next: 50%
Magic:  11/34      EV:  9    Int: 19    God:    Vehumet [***...]
Gold:   469        SH:  0    Dex:  5    Spells: 6/17 levels left

rFire   + + .        C - +3 trident
rCold   . . .        j - orb {light}
rNeg    . . .        v - +2 robe "Kyfideum" {rF+ Str+2 Dex-3 SInv}
rPois   +            (helmet restricted)
rElec   +            o - +0 cloak
rCorr   +            (no gloves)
SInv    +            (no barding)
Will    +....        p - amulet of faith
Stlth   +            k - ring of Azxiton {rElec rF+ rCorr MP+9 Str-3}
HPRegen 0.37/turn    l - ring "Daynaina" {+Blink MP+9 Str+3 Dex-3 Stlth+}
MPRegen 0.24/turn

%: faith
@: glowing, very slow
A: AC +3, large, see invisible, deformed body, poison resistance, slowness 2,
spit poison 1, naga tail 1, horns 1, wild magic 1
a: Spit Poison, Renounce Religion, Evoke Blink


You were on level 8 of the Dungeon.
You worshipped Vehumet.
Vehumet was most pleased with you.
You visited 1 branch of the dungeon, and saw 9 of its levels.

You collected 469 gold pieces.

Inventory:

Hand Weapons
 t - a +1 dagger of venom
 C - a +3 trident (weapon)
 H - a +0 shortbow
 J - the +4 mace "Neobo" {antimagic, rF+ Int+3}
   (You found it on level 6 of the Dungeon)

   Int:       It affects your intelligence (+3).
   rF:        It protects you from fire.
 O - a +0 orcbow
Missiles
 w - a throwing net
Armour
 a - a +0 robe
 j - an orb of light (worn)
 o - a +0 cloak (worn)
 s - a +0 helmet
 v - the +2 robe "Kyfideum" (worn) {rF+ Str+2 Dex-3 SInv}
   (You found it on level 3 of the Dungeon)

   Str:       It affects your strength (+2).
   Dex:       It affects your dexterity (-3).
   rF:        It protects you from fire.
   SInv:      It lets you see invisible.
Jewellery
 k - the ring of Azxiton (left hand) {rElec rF+ rCorr MP+9 Str-3}
   (You found it on level 2 of the Dungeon)

   [ring of magical power]

   Str:       It affects your strength (-3).
   rF:        It protects you from fire.
   rElec:     It insulates you from electricity.
   MP:        It affects your magic capacity (+9).
   rCorr:     It protects you from acid and corrosion.
 l - the ring "Daynaina" (right hand) {+Blink MP+9 Str+3 Dex-3 Stlth+}
   (You found it on level 2 of the Dungeon)

   [ring of magical power]

   Str:       It affects your strength (+3).
   Dex:       It affects your dexterity (-3).
   MP:        It affects your magic capacity (+9).
   +Blink:    It lets you blink.
   Stlth:     It makes you more stealthy.
 p - an amulet of faith (around neck)
 E - an amulet of magic regeneration
 P - a ring of magical power
Wands
 y - a wand of flame (10)
 G - a wand of mindburst (18)
 L - a wand of roots (10)
Scrolls
 c - 2 scrolls of fear
 d - 5 scrolls of teleportation
 e - 4 scrolls of amnesia {unknown}
 f - 2 scrolls of enchant armour {unknown}
 g - 2 scrolls of vulnerability {unknown}
 h - 4 scrolls of blinking {unknown}
 u - 2 scrolls of acquirement {unknown}
 A - 2 scrolls of immolation {unknown}
 I - a scroll of fog {unknown}
 M - 2 scrolls of identify
Potions
 b - 2 potions of magic
 i - 3 potions of might
 m - a potion of lignification
 n - 2 potions of degeneration
 q - a potion of curing
 r - 2 potions of cancellation {unknown}
 x - 3 potions of mutation
 z - a potion of ambrosia {unknown}
 B - a potion of resistance {unknown}
 D - a potion of brilliance {unknown}
 F - a potion of heal wounds {unknown}
 K - a potion of haste {unknown}
 N - 2 potions of attraction {unknown}


   Skills:
 - Level 10.0 Fighting
 - Level 1.5 Dodging
 - Level 3.0 Stealth
 - Level 4.0 Spellcasting
 * Level 4.9 Conjurations
 - Level 5.0 Summonings
 - Level 8.0 Ice Magic
 + Level 3.4 Earth Magic


You had 6 spell levels left.
You knew the following spells:

 Your Spells              Type           Power      Damage    Failure   Level
a - Freeze                Ice            100%       1d10      1%          1
b - Frozen Ramparts       Ice            88%        1d14      1%          3
c - Summon Ice Beast      Ice/Summ       34%        N/A       17%         4
d - Stone Arrow           Conj/Erth      46%        3d9       3%          3

Your spell library contained the following spells:

 Spells                   Type           Power      Damage    Failure   Level
 Hailstorm                Conj/Ice       34%        3d9       1%          3
 Magic Dart               Conj           100%       1d8       1%          1
 Ozocubu's Armour         Ice            44%        N/A       3%          3
 Call Imp                 Summ           58%        N/A       4%          2
 Mephitic Cloud           Conj/Pois/Air  9%         N/A       11%         3
 Slow                     Hex            16%        N/A       21%         1
 Confusing Touch          Hex            4%         N/A       47%         3
 Vampiric Draining        Necr           4%         2d6       47%         3
 Passage of Golubria      Tloc           4%         N/A       86%         4
 Silence                  Hex/Air        1%         N/A       99%         5
 Lehudib's Crystal Spear  Conj/Erth      11%        10d4      100%        8


Dungeon Overview and Level Annotations

Branches:
Dungeon (9/15)             Temple (0/1) D:6
   Lair: D:8-11         Orc: D:9-12

Altars:
Ashenzari
Cheibriados
Elyvilon
Gozag
Makhleb
Nemelex Xobeh
Qazlal
Vehumet
Wu Jian

Shops:
D:8 [

Annotations:
D:5 2 runed translucent doors, roninjake's ghost, novice DsFi
D:8 Amaemon


Innate Abilities, Weirdness & Mutations

Your serpentine skin is tough. (AC +3)
You have supernaturally acute eyesight. (SInv)
Armour fits poorly on your strangely shaped body.
Your system is resistant to poisons. (rPois)
You cover ground very slowly.
You can spit poison.
You have a snake-like lower body.
You have a pair of small horns on your head.
Your spells are a little harder to cast, but a little more powerful.


Message History

You feel sick.
You are no longer poisoned.
A kobold brigand comes into view.
It is wielding a +0 dagger of speed and quivering poisoned darts.
The orange demon stings you but does no damage.
Your ice beast hits the orange demon but does no damage.
The orange demon stings you but does no damage.
Your magical contamination has completely faded away.
There is a stone staircase leading up here.
Your ice beast hits the orange demon.
Your ice beast freezes the orange demon!
The orange demon stings you but does no damage.
Amaemon hits you with a +1 demon whip of venom!
* * * LOW HITPOINT WARNING * * *
Amaemon barely misses you.
Amaemon tail-slaps you but does no damage.
You climb upwards.
Your summoned ally is left behind.
There is a stone staircase leading down here.
It was a potion of mutation.
You feel extremely strange.
You feel less in control of your magic. A pair of horns grows on your head!
Your +0 helmet falls away!
Amaemon closely misses you. x2
Amaemon tail-slaps you.
* * * LOW HITPOINT WARNING * * *
Casting: Frozen Ramparts (safe; 1% risk of failure)
Confirm with . or Enter, or press ? or * to list all spells.
Okay, then.
Casting: Frozen Ramparts (safe; 1% risk of failure)
Confirm with . or Enter, or press ? or * to list all spells.
Aiming: Stone Arrow (mildly dangerous; 3% risk of failure)
Press: ? - help, Shift-Dir - straight line, f - Amaemon
Aim: Amaemon, wielding a +1 demon whip of venom (haloed, 76% to hit)
The stone arrow hits Amaemon!
Amaemon is lightly wounded.
Amaemon hits you with a +1 demon whip of venom!
* * * LOW HITPOINT WARNING * * *
Amaemon claws you but does no damage. Amaemon barely misses you.
Unknown command.
Unknown command.
You feel better.
Amaemon hits you with a +1 demon whip of venom!
You die...

#...# #...#..#.##.....#....######
#...# #...#.####......####.#
#...# #...#.#..#...........#
#...# #...#.#..'...........#
#...# #...#.####...........#
#...# #...#.#..#...........#
##'#####'##.'..#>..........#
.....#......#..#...........#
..##.#......####@..........######
..##.###'#.....6....#######......
.........+..........#...#........
...>.....#..........'...#...#....
..##..##.#..........#########....
..###########'#####.....##∩⌠##...
.......#...'......#....##....##..
.......+...#......#...##......##.
.......#...#......#[..#...##...#.


You could see Amaemon.

Vanquished Creatures
  A two-headed ogre (D:7)
  A hornet (D:9)
  Sigmund (D:5)
  A wyvern (D:8)
  A steam dragon (D:8)
  Menkaure (D:4)
  Edmund (D:4)
  A water moccasin (D:8)
  An orc warrior (D:6)
  A black bear (D:6)
  An ice beast (D:6)
  2 ogres (D:5)
  A centaur (D:5)
  2 phantoms
  A nameless horror (D:8)
  2 bullfrogs (D:8)
  A gnoll sergeant (D:8)
  2 scorpions
  10 killer bees
  4 howler monkeys
  2 orc priests
  A jelly (D:4)
  A gnoll bouda (D:4)
  2 hounds (D:6)
  2 sleepcaps
  3 iguanas
  Natasha (thrice) (D:4)
  8 orc wizards
  Robin (D:4)
  19 gnolls
  6 adders
  A shadow imp (D:6)
  A dart slug (D:3)
  17 orcs
  5 bats
  2 endoplasms (D:2)
  3 giant cockroaches
  11 goblins
  13 hobgoblins
  3 quokkas
  9 ball pythons
  4 frilled lizards
  6 kobolds
  5 rats
164 creatures vanquished.

Vanquished Creatures (collateral kills)
  Maggie (D:7)
  2 sky beasts (D:6)
  2 phantoms
  3 killer bees (D:9)
  2 orc priests (D:6)
  A gnoll (D:8)
  A white imp (D:6)
  An orc (D:8)
13 creatures vanquished.

Grand Total: 177 creatures vanquished

Notes
Turn   | Place    | Note
-------+----------+-------------------------------------------
     0 | D:1      | billz999 the Naga Ice Elementalist began the quest for the
                  | Orb.
     0 | D:1      | Reached XP level 1. HP: 15/15 MP: 3/3
   236 | D:1      | Reached XP level 2. HP: 16/22 MP: 1/5
   684 | D:2      | Identified the ring of Azxiton {rElec rF+ rCorr MP+9 Str-3}
   757 | D:2      | Identified the ring "Daynaina" {+Blink MP+9 Str+3 Dex-3
                  | Stlth+}
   816 | D:2      | Reached XP level 3. HP: 25/28 MP: 7/7
  1484 | D:2      | Learned a level 3 spell: Frozen Ramparts
  1601 | D:3      | Identified the +2 robe "Kyfideum" {rF+ Str+2 Dex-3 SInv}
  1660 | D:3      | Reached XP level 4. HP: 36/36 MP: 9/9
  1797 | D:3      | Found a radiant altar of Vehumet.
  1912 | D:3      | Found a sparkling altar of Nemelex Xobeh.
  2051 | D:3      | Became a worshipper of Vehumet
  2193 | D:4      | Noticed Robin
  2201 | D:4      | Reached skill level 5 in Ice Magic
  2201 | D:4      | Reached XP level 5. HP: 37/42 MP: 11/11
  2202 | D:4      | Noticed Natasha
  2207 | D:4      | Killed Natasha
  2211 | D:4      | Killed Robin
  2267 | D:4      | Reached XP level 6. HP: 47/49 MP: 12/12
  2339 | D:4      | Reached * piety under Vehumet
  2339 | D:4      | Offered knowledge of Sandblast by Vehumet.
  2487 | D:4      | Noticed Menkaure
  2503 | D:4      | Killed Menkaure
  2504 | D:4      | Reached XP level 7. HP: 19/55 MP: 13/13
  2787 | D:4      | Noticed Natasha
  2790 | D:4      | Killed Natasha
  2834 | D:4      | Noticed Edmund
  2846 | D:4      | Killed Edmund
  2847 | D:4      | Reached skill level 2 in Fighting
  2852 | D:4      | Learned a level 4 spell: Summon Ice Beast
  2905 | D:4      | Noticed Natasha
  2912 | D:4      | Killed Natasha
  2915 | D:4      | Reached skill level 1 in Summonings
  3169 | D:5      | Entered Level 5 of the Dungeon
  3192 | D:5      | Noticed Sigmund
  3215 | D:5      | Killed Sigmund
  3216 | D:5      | Reached XP level 8. HP: 51/67 MP: 14/14
  3324 | D:5      | Found a large runed translucent door.
  3324 | D:5      | Found a large runed translucent door.
  3331 | D:5      | Noticed roninjake's ghost (novice DsFi)
  3698 | D:5      | Reached skill level 5 in Summonings
  3754 | D:5      | Reached skill level 3 in Fighting
  3833 | D:5      | Offered knowledge of Searing Ray by Vehumet.
  3840 | D:5      | Reached ** piety under Vehumet
  3842 | D:5      | Reached skill level 4 in Fighting
  4122 | D:6      | Identified the +4 mace "Neobo" {antimagic, rF+ Int+3}
  4320 | D:6      | Reached skill level 5 in Fighting
  4439 | D:6      | Reached XP level 9. HP: 82/82 MP: 15/15
  4590 | D:6      | Found a staircase to the Ecumenical Temple.
  4613 | D:6      | Reached skill level 6 in Fighting
  4859 | D:6      | Found a burning altar of Makhleb.
  4907 | D:6      | Reached skill level 7 in Fighting
  5090 | D:6      | Found a stormy altar of Qazlal.
  5319 | D:6      | Found a broken altar of Ashenzari.
  5420 | D:7      | Noticed a two-headed ogre
  5434 | D:7      | Killed a two-headed ogre
  5435 | D:7      | Reached skill level 8 in Fighting
  5617 | D:7      | Reached skill level 9 in Fighting
  5823 | D:7      | Upgraded the game from 0.31-a0-43-g46d131a48f to
                  | 0.31-a0-75-g6fe912e8c5
  5868 | D:7      | Found a snail-covered altar of Cheibriados.
  5884 | D:7      | Noticed Maggie
  5894 | D:7      | Killed Maggie
  6018 | D:7      | Found an ornate altar of the Wu Jian Council.
  6070 | D:7      | Offered knowledge of Stone Arrow by Vehumet.
  6071 | D:7      | Reached skill level 10 in Fighting
  6071 | D:7      | Reached XP level 10. HP: 81/102 MP: 16/16
  6075 | D:7      | Learned a level 3 spell: Stone Arrow
  6522 | D:8      | Found an opulent altar of Gozag.
  6544 | D:8      | Reached skill level 1 in Conjurations
  6562 | D:8      | Reached skill level 1 in Earth Magic
  7010 | D:8      | Reached *** piety under Vehumet
  7235 | D:8      | Identified the +0 ring mail "Jineh" {*Corrode Fly rPois
                  | Dex+4}
  7255 | D:8      | Found Assipattle's Dragon-Slaying Spoils.
  7364 | D:8      | Found a white marble altar of Elyvilon.
  7630 | D:9      | Offered knowledge of Hailstorm by Vehumet.
  7631 | D:9      | Noticed an orange demon
  7634 | D:9      | Noticed Amaemon
  7639 | D:8      | Gained mutation: Your spells are a little harder to cast,
                  | but a little more powerful. [potion of mutation]
  7639 | D:8      | Gained mutation: You have a pair of small horns on your
                  | head. [potion of mutation]
  7640 | D:8      | HP: 2/102 [Amaemon/+1 demon whip of venom (13)]
  7641 | D:8      | Slain by Amaemon

Illustrated notes

Levels and vault maps discovered:
D:1:      amcnicky_arrival_gap_in_the_tavern_cellar, layout_basic
D:2:      layout_loops_ring
D:3:      layout_rooms, amcnicky_altar_gilded, lemuel_tele_altar
D:4:      layout_rooms, uniq_natasha, uniq_robin, uniq_menkaure, uniq_edmund
D:5:      layout_cave_pools, ebering_ghost_disaster_area, sigmund_army
D:6:      layout_basic, mainiacjoe_overflow_alcove_4,
          mainiacjoe_overflow_tiny_flanked, kennysheep_mini_moat,
          minmay_temple_entry_drinking_statues
D:7:      layout_loops_ring, mainiacjoe_overflow_24_doors,
          mainiacjoe_overflow_cross_hatched, uniq_maggie
D:8:      layout_gridville, grunt_gozag_breadcrumbs,
          mainiacjoe_overflow_alcove_1, nicolae_shop_dragon_depot, nrook_uturn
D:9:      layout_loops_cross, mainiacjoe_overflow_boulevard, serial_shops, shop,
          uniq_amaemon

Skill      XL: |  1  2  3  4  5  6  7  8  9 10 |
---------------+-------------------------------+-----
Spellcasting   | 3 4 |  4.0
Ice Magic      | 5 7 8 |  8.0
Fighting       | 2 5 10 | 10.0
Summonings     | 3 5 |  5.0
Conjurations   | 4 |  4.9
Earth Magic    | 3 |  3.4
Dodging        | |  1.5
Stealth        | |  3.0

Action                     |  1- 3 |  4- 6 |  7- 9 | 10-12 || total
---------------------------+-------+-------+-------+-------++-------
  Melee: Unarmed           |     8 |       |       |       ||     8
         Dagger            |       |     9 |     1 |       ||    10
         Trident           |       |       |    36 |    17 ||    53
   Cast: Freeze            |    29 |    41 |    76 |    28 ||   174
         Frozen Ramparts   |       |    11 |    38 |    11 ||    60
         Summon Ice Beast  |       |       |    14 |     5 ||    19
         Stone Arrow       |       |       |       |     1 ||     1
Ability: Spit Poison       |    29 |    13 |    18 |    13 ||    73
  Evoke: Wand              |       |     1 |     3 |       ||     4
    Use: Scroll            |       |       |     6 |       ||     6
         Potion            |       |       |       |     2 ||     2
 Armour: Robe              |     7 |    12 |    46 |    27 ||    92
  Dodge: Dodged            |    10 |    17 |    47 |    30 ||   104

Table legend: (Time is in decaauts)
 A = Elapsed time spent in this place.
 B = Non-inter-level travel time spent in this place.
 C = Inter-level travel time spent in this place.
 D = Time resting spent in this place.
 E = Time spent auto-exploring this place.
 F = Levels seen in this place.
 G = Mean time per level.
                   A        B        C        D        E       F      G
               +--------+--------+--------+--------+--------+-----+--------+
         Total |   9498 |   9059 |    439 |     42 |   7836 |   9 | 1055.3 |
       Dungeon |   9498 |   9059 |    439 |     42 |   7836 |   9 | 1055.3 |
               +--------+--------+--------+--------+--------+-----+--------+

Top non-repeatable levels by time:
     D:6: 1528 daAuts
     D:8: 1442 daAuts
     D:7: 1397 daAuts
     D:5: 1147 daAuts
     D:4: 1126 daAuts
     D:2: 1075 daAuts
     D:3: 894 daAuts
     D:1: 853 daAuts
     D:9: 32 daAuts
